 Seeded DCSS version 0.30.0 (webtiles) character file.

Game seed: 7229806256980976716 (custom seed)

1 bananamous the Trooper (level 1, 19/19 HPs)
             Began as a Draconian Berserker on July 10, 2023.
             Was a Follower of Trog.
             Got out of the dungeon alive.
             The game lasted 00:01:15 (103 turns).

bananamous the Trooper (Draconian Berserker)         Turns: 103, Time: 00:01:15

Health: 19/19      AC:  4    Str: 19    XL:     1   Next: 16%
Magic:  1/1        EV: 12    Int:  7    God:    Trog [*.....]
Gold:   1525       SH:  0    Dex: 10    Spells: 0/0 levels left

rFire   . . .        a - +0 hand axe
rCold   . . .        (no shield)
rNeg    . . .        (body armour unavailable)
rPois   .            (helmet restricted)
rElec   .            (no cloak)
rCorr   .            (no gloves)
SInv    .            (no boots)
Will    .....        (no amulet)
Stlth   +            (no ring)
HPRegen 0.23/turn    (no ring)
MPRegen 0.07/turn

%: no passive effects
@: no status effects
A: AC +4, unfitting armour, cold-blooded
a: Renounce Religion, Berserk


You escaped.
You worshipped Trog.
Trog was aware of your devotion.
You visited 1 branch of the dungeon, and saw 1 of its levels.

You collected 1525 gold pieces.

Inventory:

Hand Weapons
 a - a +0 hand axe (weapon)
Jewellery
 c - the ring of Elyvilon's Displeasure {rF++ rC++ Will+ Str-3}
   (You acquired it on level 1 of the Dungeon)

   [ring of willpower]

   Str:       It affects your strength (-3).
   rF:        It greatly protects you from fire.
   rC:        It greatly protects you from cold.
   Will:      It increases your willpower.
Scrolls
 b - 2 scrolls of amnesia {unknown}


   Skills:
 + Level 3.3 Fighting
 + Level 3.0 Axes
 + Level 2.7 Dodging


You couldn't memorise any spells.
You didn't know any spells.
Your spell library was empty.

Dungeon Overview and Level Annotations

Branches:
Dungeon (1/15)

Altars:


Innate Abilities, Weirdness & Mutations

Your plain brown scales are hard. (AC +4)
You cannot fit into any form of body armour.
You are cold-blooded and may be slowed by cold attacks.


Message History

The quokka bites you.
You hit the quokka but do no damage.
You tail-slap the quokka, but do no damage.
The quokka closely misses you.
You barely miss the quokka. The quokka closely misses you.
The quokka bites you but does no damage.
You barely miss the quokka.
The quokka bites you but does no damage.
You miss the quokka. The quokka completely misses you.
You closely miss the quokka. The quokka barely misses you.
The quokka misses you.
You closely miss the quokka. The quokka barely misses you.
You closely miss the quokka.
Your tail-slap misses the quokka.
The quokka bites you. The quokka barely misses you.
You hit the quokka.
The quokka is heavily wounded.
The quokka bites you but does no damage.
You hit the quokka. You tail-slap the quokka.
You kill the quokka!
Trog accepts your kill.
No target in view!
No target in view!
No target in view!
Found 3 scrolls labelled RAGIOR NADERHA.
Found 3 stones.
c - 3 scrolls labelled RAGIOR NADERHA
Found a scroll labelled WUBBUN RUOS.
This is a scroll of acquirement!
Something appears at your feet! Something appears at your feet!
Something appears at your feet!
c - the ring of Elyvilon's Displeasure {rF++ rC++ Will+ Str-3} You now have 1525 gold pieces (gained 1508).
(D) Dungeon
Where to? (? - help)
What level of the Dungeon? (default 1, ? - help)
There is an open door here.
There is a staircase leading out of the dungeon here.
Are you sure you want to leave the Dungeon?
This will make you lose the game!
You have escaped!

#.# # ###.#
####.#####...#
.............#
##+#+#'##...#
###.#.#.###..#
##⌠.P.P.⌠##.##
##.......###.##
##...@...####.##
###########..#.#
##♣..>..♣###..##
##.......###.##
##♣.⌠_⌠.♣##..#########
#####⌠#####......†....
############.########
#.# ## #.#


There were no monsters in sight!

Vanquished Creatures
  A quokka (D:1)
1 creature vanquished.

Notes
Turn   | Place    | Note
-------+----------+-------------------------------------------
     0 | D:1      | bananamous the Draconian Berserker began the quest for the
                  | Orb.
     0 | D:1      | Reached XP level 1. HP: 19/19 MP: 1/1
    60 | D:1      | Identified 3 scrolls of acquirement
    60 | D:1      | Acquired 879 gold pieces
    61 | D:1      | Acquired the ring of Elyvilon's Displeasure {rF++ rC++
                  | Will+ Str-3}
    62 | D:1      | Acquired 629 gold pieces
   103 | D:$      | Got out of the dungeon alive.

Illustrated notes

Levels and vault maps discovered:
D:1:      spicycebolla_arrival_ecumenical, layout_loops_ring

Action                     || total
---------------------------++-------
  Melee: Hand axe          ||    10
         Tailslap          ||     2
    Use: Scroll            ||     3
 Armour: Skin              ||     3
  Dodge: Dodged            ||     9
